 Dungeon Crawl Stone Soup version 0.26-b1-32-g5d43845318 (webtiles) character file.

Game seed: 12828456684213362187

16 Borgoz the Slasher (level 2, -1/25 HPs)
             Began as a Ghoul Gladiator on Jan 13, 2021.
             Slain by an adder (4 damage)
             ... on level 2 of the Dungeon.
             The game lasted 00:00:34 (1107 turns).

Borgoz the Slasher (Ghoul Gladiator)                Turns: 1107, Time: 00:00:35

Health: -1/25      AC:  4    Str: 17    XL:     2   Next: 58%
Magic:  1/1        EV: 12    Int:  3    God:
Gold:   70         SH:  0    Dex: 10    Spells: 1/1 levels left

rFire    . . .     SeeInvis .   a - +0 long sword
rCold    + . .     Faith    .   (no shield)
rNeg     + + +     Spirit   .   b - +0 leather armour
rPois    ∞         Reflect  .   c - +0 helmet
rElec    .         Harm     .   (no cloak)
rCorr    .         Rampage  .   (no gloves)
Will     .....                  (no boots)
Stlth    +.........             (no amulet)
HPRegen  0.00/turn              (no ring)
MPRegen  0.07/turn              (no ring)

@: no status effects
A: claws 1, cold resistance 1, negative energy resistance 3, inhibited
regeneration, torment resistance, unbreathing
a: no special abilities


You were on level 2 of the Dungeon.
You visited 1 branch of the dungeon, and saw 2 of its levels.

You collected 70 gold pieces.

Inventory:

Hand Weapons
 a - a +0 long sword (weapon)
Missiles
 d - a throwing net (quivered)
Armour
 b - a +0 leather armour (worn)
 c - a +0 helmet (worn)
Scrolls
 f - 3 scrolls of remove curse {unknown}
 g - 3 scrolls of fog {unknown}
 h - a scroll of identify {unknown}
 j - a scroll of blinking {unknown}
Potions
 i - a potion of heal wounds {unknown}


   Skills:
 + Level 2.4 Fighting
 * Level 3.0 Long Blades
 - Level 1.7 Throwing
 * Level 0.5 Armour
 * Level 2.9 Dodging


You had one spell level left.
You didn't know any spells.
Your spell library was empty.

Dungeon Overview and Level Annotations

Branches:
Dungeon (2/15)

Altars:


Innate Abilities, Weirdness & Mutations

You thrive by killing the living.
You are immune to poison.
You have sharp fingernails.
Your flesh is cold resistant. (rC+)
You are immune to negative energy. (rN+++)
You do not regenerate when monsters are visible.
You are immune to unholy pain and torment.
You can survive without breathing.


Message History

Throw: 3 throwing nets
Press: ? - help, Q - select action Shift-Dir - straight line, f - adder
Aim: an adder (severely wounded)
You throw a throwing net.
The throwing net closely misses the adder.
The adder barely misses you.
You riposte.
You barely miss the adder.
The adder is severely wounded.
Throw: 2 throwing nets
Press: ? - help, Q - select action Shift-Dir - straight line, f/p - adder
Aim: an adder (severely wounded)
You throw a throwing net.
The throwing net barely misses the adder.
The adder barely misses you. The adder misses you.
You riposte.
You completely miss the adder.
The adder is severely wounded.
You miss the adder.
The adder is severely wounded.
The adder closely misses you.
It was a potion of magic.
Magic courses through your body. The adder bites you.
You die...

###+#####
##.......#
#........#
#........#
........#
##.......#
#<.......#
#..@S...(#
#........#
#........#
#........#
#........#
#.#+######
#.# #.


You could see an adder.

Vanquished Creatures
  A leopard gecko (D:1)
  2 giant cockroaches (D:1)
  2 goblins (D:1)
  A hobgoblin (D:1)
  3 bats
  2 frilled lizards (D:1)
  2 kobolds (D:1)
  2 rats (D:1)
15 creatures vanquished.

Notes
Turn   | Place    | Note
-------+----------+-------------------------------------------
     0 | D:1      | Borgoz the Ghoul Gladiator began the quest for the Orb.
     0 | D:1      | Reached XP level 1. HP: 17/17 MP: 0/0
   293 | D:1      | Reached XP level 2. HP: 25/25 MP: 1/1
   461 | D:1      | Reached skill level 3 in Long Blades
  1107 | D:2      | Slain by an adder

Illustrated notes

Levels and vault maps discovered:
D:1:      ncdulo_smallfort, layout_basic, roderic_filled_cross
D:2:      minmay_door_path, layout_basic, lemuel_round_altar,
          chequers_ecumenical_altar_simple, guppyfry_early_orc_mine

Skill      XL: |  1  2 |
---------------+-------+-----
Long Blades    | 3 |  3.0
Fighting       | |  2.4
Throwing       | |  1.7
Armour         | |  0.5
Dodging        | |  2.9

Action                   || total
-------------------------++-------
Melee: Long sword        ||    50
Throw: Throwing net      ||     2
  Use: Potion            ||     1
Armor: Leather armour    ||     8
Dodge: Dodged            ||    49
       Rpst.: Long sword ||    16
